Map: King Sejong Station LE

Players

kiti - Winner!

  • Race: Terran Terran

Gracz

  • Race: Protoss Protoss
  • League: Silver

VOD

Have the link to the VOD?

Description

Time

  • Played on: Oct. 23, 2016, 10:52 a.m.
  • Length: 19:43
Show
View Real Time Build Order
Export as new Build Order

kiti Terran - Winner!

Build Orders:  

Get SALT Encoding   

  12  0:03  SCV  
  13  0:15  SCV  
  14  0:21  Supply Depot  
  14  0:32  Supply Depot  
  14  0:44  Barracks  
  14  0:57  Barracks  
  14  1:00  SCV  
  15  1:13  Barracks  
  15  1:18  SCV  
  16  1:30  Barracks  
  16  1:47  Marine x2  
  18  2:01  Marine  
  19  2:07  Marine x2  
  21  2:18  Marine  
  21  2:19  Marine  
  21  2:21  Supply Depot  
  23  2:25  SCV  
  23  2:28  Refinery  
  23  2:29  Marine x2  
  26  2:38  Marine x2  
  28  2:47  Marine x2  
  28  2:50  Refinery  
  30  2:52  SCV  
  30  2:56  Marine x2  
  33  3:12  SCV  
  34  3:24  SCV  
  35  3:39  SCV  
  36  3:42  Factory  
  36  3:48  Factory  
  28  4:26  Factory Tech Lab  
  25  4:49  Factory Tech Lab  
  23  5:00  Unknown, Command Center  
  23  5:05  Marine x2  
  23  5:06  Marine x2  
  25  5:11  Siege Tank  
  25  5:12  Siege Tank  
  31  5:23  Marine x4  
  31  5:25  Bunker  
  35  5:29  Orbital Command  
  35  5:41  Marine  
  36  6:04  Engineering Bay  
  36  6:06  SCV  
  37  6:12  Unknown  
  37  6:15  SCV  
  37  6:18  SCV  
  39  6:27  SCV  
  39  6:30  SCV  
  41  6:39  SCV  
  42  6:40  Missile Turret  
  42  6:42  SCV  
  43  6:51  Missile Turret, SCV  
  44  6:54  SCV  
  45  7:03  Missile Turret, SCV  
  45  7:04  Missile Turret  
  46  7:13  Missile Turret  
  46  7:17  Siege Tank x2  
  52  7:24  Planetary Fortress, Missile Turret  
  52  7:26  Missile Turret  
  52  7:36  Barracks Reactor  
  52  7:37  Barracks Reactor x2  
  32  8:29  SCV  
  32  8:30  Barracks Tech Lab  
  33  8:34  Missile Turret  
  32  8:42  SCV  
  33  8:54  SCV  
  32  9:00  Missile Turret  
  32  9:03  Marine  
  32  9:04  Marine x6  
  32  9:06  SCV  
  39  9:18  SCV  
  39  9:21  Marine  
  39  9:22  Marine x5  
  45  9:26  Marine  
  46  9:39  Marine x2  
  46  9:40  Marine x2  
  50  9:47  Missile Turret  
  36  10:15  Siege Tank x2  
  42  10:21  Bunker  
  42  10:28  SCV  
  43  10:40  Factory, SCV  
  44  10:47  Siege Tank x2  
  50  10:52  Bunker  
  44  11:15  SCV  
  45  11:19  Refinery  
  45  11:22  Refinery  
  45  11:24  Marine x3  
  45  11:25  Marine x4  
  52  11:27  SCV  
  52  11:39  SCV  
  52  11:42  Marine  
  51  11:50  Factory Tech Lab  
  51  11:51  SCV  
  49  12:03  Starport  
  49  12:04  SCV  
  49  12:06  Starport  
  49  12:07  Marine x4  
  54  12:16  Bunker  
  54  12:39  Unknown, Command Center  
  54  12:42  Starport Tech Lab  
  54  12:46  Starport Tech Lab  
  54  12:59  Missile Turret  
  54  13:09  Missile Turret  
  54  13:25  Supply Depot  
  54  13:31  Missile Turret  
  54  13:40  Marine  
  54  13:47  Marine x2, Supply Depot, Siege Tank x2  
  62  13:56  Marine  
  45  14:17  Siege Tank  
  45  14:19  Siege Tank x2  
  43  14:49  Siege Tank  
  43  14:51  Siege Tank  
  49  14:53  Marine x7  
  56  15:06  Banshee  
  59  15:09  Banshee  
  59  15:10  Marine  
  59  15:11  Marine x6  
  69  15:28  Marine  
  70  16:34  Marine  
  70  16:35  Marine  
  70  16:36  Marine  
  66  16:49  Supply Depot  
  63  16:55  Supply Depot  
  57  17:13  Supply Depot  
  53  17:38  Supply Depot  
  50  19:15  Supply Depot  
Show
View Real Time Build Order
Export as new Build Order

Gracz Protoss 

Build Orders: Nexus First 

Get SALT Encoding   

  12  0:01  Probe (Chrono Boost)  
  13  0:15  Probe (Chrono Boost)  
  13  0:18  Pylon  
  14  0:37  Probe (Chrono Boost)  
  15  0:47  Probe (Chrono Boost)  
  16  1:02  Unknown, Nexus  
  16  1:09  Gateway  
  16  1:11  Probe (Chrono Boost)  
  17  1:22  Assimilator  
  17  1:23  Probe (Chrono Boost)  
  18  1:31  Pylon  
  18  1:33  Probe (Chrono Boost)  
  19  1:49  Assimilator, Probe (Chrono Boost)  
  20  1:57  Gateway  
  20  2:00  Probe (Chrono Boost)  
  21  2:04  Cybernetics Core  
  21  2:10  Probe (Chrono Boost)  
  21  2:13  Unknown  
  22  2:19  Probe (Chrono Boost)  
  22  2:21  Probe (Chrono Boost)  
  24  2:27  Gateway  
  24  2:34  Pylon, Warp Gate  
  25  2:38  Probe (Chrono Boost)  
  25  2:54  Twilight Council  
  25  3:01  Probe (Chrono Boost)  
  25  3:02  Gateway  
  26  3:07  Stalker  
  28  3:14  Probe (Chrono Boost)  
  28  3:15  Probe (Chrono Boost)  
  30  3:21  Adept  
  32  3:32  Pylon  
  32  3:33  Pylon  
  31  3:37  Pylon  
  31  3:44  Mothership Core (Chrono Boost)  
  33  3:53  Stalker  
  33  3:55  Sentry  
  35  4:21  Stalker x2  
  33  5:18  Unknown, Nexus  
  33  5:22  Pylon  
  33  5:23  Blink  
  33  5:27  Pylon  
  33  5:32  Pylon  
  33  5:36  Pylon  
  33  5:40  Gateway x2  
  33  5:43  Gateway  
  33  5:49  Gateway  
  33  5:50  Stalker x2  
  37  6:06  Stalker x2  
  41  6:14  Stalker  
  43  6:27  Stalker  
  43  6:30  Unknown  
  45  6:33  Stalker  
  45  6:36  Stalker  
  50  6:40  Probe (Chrono Boost)  
  50  6:43  Mothership Core (Chrono Boost)  
  52  6:49  Zealot  
  54  6:55  Stalker  
  56  7:01  Stalker  
  58  7:11  Stalker  
  58  7:15  Stalker  
  62  7:21  Stalker  
  64  7:26  Stalker  
  52  7:55  Stalker x3  
  52  7:56  Stalker  
  44  8:25  Robotics Facility x2  
  44  8:33  Stalker x2  
  40  8:57  Stalker x3  
  38  9:25  Stalker x3  
  42  9:53  Unknown, Nexus  
  36  10:15  Stalker x4  
  36  10:21  Warp Prism  
  46  10:40  Assimilator  
  46  10:44  Assimilator  
  46  10:45  Stalker  
  42  11:05  Unknown  
  42  11:10  Stalker x2  
  42  11:11  Stalker x2  
  40  11:17  Probe (Chrono Boost)  
  40  11:18  Probe (Chrono Boost)  
  43  11:19  Probe (Chrono Boost)  
  43  11:58  Stalker x4  
  43  11:59  Stalker x3  
  57  12:01  Stalker  
  57  12:07  Probe x2 (Chrono Boost)  
  62  12:09  Probe (Chrono Boost)  
  62  12:29  Pylon  
  62  12:33  Pylon  
  62  12:34  Stalker  
  62  12:35  Stalker x2  
  68  12:39  Stalker  
  70  12:45  Stalker  
  72  12:56  Probe x2 (Chrono Boost)  
  72  12:58  Probe (Chrono Boost)  
  75  13:01  Stalker  
  77  13:08  Stalker  
  77  13:10  Probe (Chrono Boost)  
  78  13:13  Stalker  
  78  13:15  Stalker  
  82  13:23  Stalker  
  66  14:08  Warp Prism  
  58  14:13  Warp Prism  
  58  14:15  Stalker  
  64  14:17  Stalker x3  
  64  14:18  Stalker  
  64  14:40  Stalker x2  
  64  14:41  Stalker  
  70  14:50  Immortal  
  74  15:00  Stalker  
  76  15:22  Unknown, Nexus  
  76  15:39  Stalker x2  
  76  15:40  Stalker  
  82  15:42  Stalker  
  84  15:56  Stalker  
  86  15:59  Stalker x2  
  86  16:02  Stalker  
  92  16:10  Stalker  
  93  16:33  Unknown  
  85  16:41  Stalker  
  85  16:42  Stalker x4  
  85  16:43  Stalker  
  15  18:02  Unknown, Nexus  
  15  19:14  Unknown  
Tags
 
Add a new tag
Caveats
  • Supply blocks, unpowered buildings, or Contaminate may cause inaccurate times.
  • Supply counts are checked every 10 seconds.